Map: Mech-Depot LE

Players

Panda

  • Race: Zerg Zerg
  • League: Diamond
  • Spawn Location: 7:00

Zenpassant - Winner!

  • Race: Zerg Zerg
  • League: Diamond
  • Spawn Location: 1:00

VOD

Have the link to the VOD?

Description

Time

  • Played on: Sept. 9, 2017, 3:37 p.m.
  • Length: 3:59
Show
View Real Time Build Order
Export as new Build Order

Panda Zerg 

Build Orders: Pool First 

Get SALT Encoding   

  12  0:01  Drone  
  13  0:15  Extractor  
  12  0:25  Drone x2  
  14  0:31  Evolution Chamber  
  13  0:36  Overlord  
  13  0:52  Spawning Pool  
  13  0:55  Drone  
  13  1:01  Drone  
  14  1:06  Drone  
  15  1:20  Drone  
  16  1:31  Zerg Melee Weapons Level 1  
  16  1:35  Drone x2  
  18  1:44  Queen  
  20  1:48  Zergling x2  
  20  1:51  Zergling x2  
  22  1:58  Metabolic Boost  
  22  2:05  Overlord  
  22  2:24  Zergling x2  
  22  2:25  Zergling x2  
  24  2:40  Overlord  
  24  2:45  Zergling x2  
  24  2:49  Hatchery  
  24  2:53  Overlord  
  24  2:55  Overlord  
  24  2:59  Zergling x4  
  27  3:16  Hatchery  
  27  3:17  Zergling x2  
  27  3:25  Zergling x2  
  28  3:31  Zergling x2  
  29  3:35  Zergling x6  
Show
View Real Time Build Order
Export as new Build Order

Zenpassant Zerg - Winner!

Build Orders: Hatch First 

Get SALT Encoding   

  12  0:01  Drone  
  13  0:12  Overlord  
  13  0:19  Drone  
  14  0:30  Drone  
  14  0:31  Drone  
  16  0:37  Drone  
  17  0:52  Hatchery  
  17  0:56  Drone  
  17  0:59  Drone  
  18  1:10  Extractor  
  17  1:14  Spawning Pool  
  17  1:18  Drone  
  17  1:24  Overlord  
  17  1:30  Drone  
  19  1:40  Drone  
  19  2:01  Zergling x2  
  19  2:02  Queen, Zergling x2  
  19  2:04  Queen  
  19  2:05  Zergling x2  
  26  2:12  Metabolic Boost  
  26  2:15  Drone  
  27  2:23  Drone x2  
  27  2:27  Drone  
  30  2:32  Overlord  
  30  2:40  Baneling Nest  
  29  2:47  Drone  
  29  2:48  Drone x2  
  32  2:53  Overlord  
  32  3:03  Drone  
  33  3:07  Zergling x2  
  32  3:22  Zergling x12  
  32  3:23  Zergling x2  
  40  3:31  Evolution Chamber  
  40  3:34  Baneling x2  
  39  3:44  Evolution Chamber  
  38  3:51  Evolution Chamber  
Tags
 
Matchup
ZvZ
Race
Zerg
Replay Pack
replays1
Spawn Locations
Cross Positions
Add a new tag
Caveats
  • Supply blocks, unpowered buildings, or Contaminate may cause inaccurate times.
  • Supply counts are checked every 10 seconds.